[Event "December 5 Late 2023"]
[Site "https://www.chess.com"]
[Date "2023.12.05"]
[Round "1"]
[White "Monteiro, Luis Felipe Furtado"]
[Black "Petukhov, Dmitry"]
[Result "0-1"]
[Board "182"]
[TimeControl "180+1"]
[WhiteFideId "22702806"]
[BlackFideId "4142748"]
[WhiteElo "2006"]
[BlackElo "2520"]
[WhiteTeam "BRA"]
[BlackTeam "RUS"]
[WhiteClock "0:01:34"]
[BlackClock "0:01:58"]

1. d4 Nf6 2. c4 g6 3. Nc3 d5 4. Nf3 Bg7 5. Bg5 Ne4 6. Bf4 Nxc3 7. bxc3 dxc4 8. e4 b5 9. a4 c6 10. Be2 O-O 11. O-O a6 12. d5 cxd5 13. exd5 Bb7 14. axb5 axb5 15. Rxa8 Bxa8 16. Qb1 Qxd5 17. Rd1 Qc6 18. Bxb8 Rxb8 19. Qb4 e6 20. Bf1 Bf8 21. Qa5 Qb6 22. Qxb6 Rxb6 23. Rb1 Be4 24. Rb2 Bg7 25. Nd4 Bxd4 26. cxd4 c3 27. Ra2 c2 28. Ra1 b4 29. Re1 b3 0-1

[Event "December 5 Late 2023"]
[Site "https://www.chess.com"]
[Date "2023.12.05"]
[Round "1"]
[White "Leenhouts, Koen"]
[Black "Boggiano Pereira, Miguel A."]
[Result "1-0"]
[Board "183"]
[TimeControl "180+1"]
[WhiteFideId "1008439"]
[BlackFideId "3102750"]
[WhiteElo "2520"]
[BlackElo "1980"]
[WhiteTeam "NED"]
[BlackTeam "PUR"]
[WhiteClock "0:01:32"]
[BlackClock "0:01:53"]

1. e4 c5 2. Nf3 Nc6 3. Bb5 e5 4. O-O Bd6 5. c3 Nge7 6. d4 a6 7. Bc4 O-O 8. Ng5 b5 9. Qh5 h6 10. Nxf7 Rxf7 11. Bxf7+ Kf8 12. d5 Nb8 13. f4 Ng8 14. fxe5 Bxe5 15. Be6+ Bf6 16. Qf7# 1-0

[Event "December 5 Late 2023"]
[Site "https://www.chess.com"]
[Date "2023.12.05"]
[Round "1"]
[White "Calcada, Lucas Galvan"]
[Black "Suder, Jakub"]
[Result "0-1"]
[Board "184"]
[TimeControl "180+1"]
[WhiteFideId "22746099"]
[BlackFideId "1195310"]
[WhiteElo "1977"]
[BlackElo "2520"]
[WhiteTeam "BRA"]
[BlackTeam "POL"]
[WhiteClock "0:00:44"]
[BlackClock "0:00:58"]

1. e4 c5 2. Nf3 e6 3. d4 cxd4 4. Nxd4 Nc6 5. Nb5 Nf6 6. Bg5 d6 7. c4 a6 8. N5c3 Qb6 9. Qd2 Be7 10. Be3 Qc7 11. Be2 O-O 12. O-O Ne5 13. Na3 b6 14. f3 Bb7 15. Rac1 Rac8 16. Na4 Ned7 17. Rfd1 Bc6 18. Nc3 Qb8 19. Nc2 Qa8 20. Nb4 Bb7 21. Nc2 Bc6 22. Nb4 Bb7 23. Nc2 Rfd8 24. Na4 Nc5 25. Nxb6 Qb8 26. Nxc8 Rxc8 27. b3 h5 28. Nd4 h4 29. Bf2 Nh5 30. f4 Nxe4 31. Qe1 Nxf4 32. Bf3 Qa8 33. Bxh4 g5 34. Bg3 Bf6 35. Ne2 Nxg3 36. Qxg3 Bxf3 37. Qxf3 Qxf3 38. gxf3 Nxe2+ 0-1

[Event "December 5 Late 2023"]
[Site "https://www.chess.com"]
[Date "2023.12.05"]
[Round "1"]
[White "Koc, Przemyslaw"]
[Black "Dmitriev, Sergey"]
[Result "1-0"]
[Board "185"]
[TimeControl "180+1"]
[WhiteFideId "1109081"]
[BlackFideId "14101785"]
[WhiteElo "2519"]
[BlackElo "1963"]
[WhiteTeam "POL"]
[BlackTeam "UKR"]
[WhiteClock "0:01:15"]
[BlackClock "0:00:32"]

1. d4 d6 2. e4 g6 3. Nc3 Bg7 4. Bg5 Nf6 5. e5 dxe5 6. dxe5 Nfd7 7. f4 O-O 8. Bc4 Kh8 9. Bh4 f6 10. exf6 Nxf6 11. Qxd8 Rxd8 12. Nf3 Bf5 13. Ne5 Rf8 14. O-O-O h6 15. h3 Nc6 16. g4 Nxe5 17. fxe5 Nxg4 18. hxg4 Bxg4 19. Rdf1 h5 20. Bxe7 Rxf1+ 21. Rxf1 Bxe5 22. Bf6+ Bxf6 23. Rxf6 Rd8 24. Rxg6 Rf8 25. Ne4 Bf5 26. Rf6 Rxf6 27. Nxf6 h4 28. Bd3 Be6 29. Be4 c6 30. Nh5 h3 31. a3 h2 32. Ng3 Kg7 33. Kd2 Kf6 34. Ke3 Kg5 35. Kf2 Kf4 36. Bh1 Bd5 37. Ne2+ Kg4 38. Bxd5 cxd5 39. Kg2 Kf5 40. Kxh2 Ke4 41. Nc3+ Kd4 42. Kg3 a5 43. Kf4 b5 44. Nxb5+ Kc4 45. Ke5 d4 46. Nxd4 a4 47. Ke4 Kc5 48. Kd3 Kd5 49. c4+ Kc5 50. Kc3 Kb6 51. Kb4 Kc7 52. Kxa4 Kb6 53. Kb4 Ka6 54. a4 Kb7 55. a5 Ka6 56. Ka4 Ka7 57. Kb5 Kb7 58. a6+ Ka7 59. Ka5 Ka8 60. Kb6 Kb8 61. Ne6 Ka8 62. c5 Kb8 63. a7+ Ka8 64. Nc7# 1-0

[Event "December 5 Late 2023"]
[Site "https://www.chess.com"]
[Date "2023.12.05"]
[Round "1"]
[White "Thake, Conrad"]
[Black "Hadzovic, Amir"]
[Result "0-1"]
[Board "186"]
[TimeControl "180+1"]
[WhiteFideId "5602947"]
[BlackFideId "14402300"]
[WhiteElo "1930"]
[BlackElo "2519"]
[WhiteTeam "MLT"]
[BlackTeam "BIH"]
[WhiteClock "0:00:09"]
[BlackClock "0:01:52"]

1. e4 e5 2. Nf3 Nc6 3. d4 exd4 4. Bc4 Nf6 5. e5 d5 6. Bb5 Ne4 7. Nxd4 Bc5 8. c3 O-O 9. Bxc6 bxc6 10. O-O Qe8 11. Bf4 f6 12. exf6 Rxf6 13. Bg3 Qf7 14. Nd2 Nxg3 15. hxg3 Ba6 16. Re1 Rxf2 17. N2f3 Rxb2 18. Qc1 Rab8 19. Qe3 h6 20. Kh2 Bd6 21. Kg1 Bxg3 22. Rf1 Bxf1 23. Rxf1 Rb1 24. Ne1 Qxf1+ 25. Kxf1 Rxe1+ 26. Qxe1 Bxe1 27. Kxe1 Rb2 28. Nxc6 Rxa2 29. Ne7+ Kh7 30. Nxd5 Rxg2 31. Nxc7 h5 32. Nb5 h4 33. c4 h3 34. Kf1 Rc2 35. Kg1 a5 36. Na3 g5 37. Nxc2 g4 38. Kh2 Kg6 39. c5 Kf5 40. c6 Ke6 41. Nd4+ Kd6 42. Kg3 a4 43. Nc2 Kxc6 44. Kh2 Kc5 45. Kg1 Kc4 46. Ne3+ Kb3 47. Nxg4 a3 48. Ne3 a2 49. Kh2 a1=Q 50. Kxh3 Qc3 51. Kg4 Qxe3 0-1

[Event "December 5 Late 2023"]
[Site "https://www.chess.com"]
[Date "2023.12.05"]
[Round "1"]
[White "Gutierrez Olivares, Daniel"]
[Black "Cornelison, Paul"]
[Result "1-0"]
[Board "187"]
[TimeControl "180+1"]
[WhiteFideId "2264005"]
[BlackFideId "2004186"]
[WhiteElo "2515"]
[BlackElo "1905"]
[WhiteTeam "ESP"]
[BlackTeam "USA"]
[WhiteClock "0:01:58"]
[BlackClock "0:00:25"]

1. Nf3 Nf6 2. g3 g6 3. Bg2 Bg7 4. c4 c6 5. O-O O-O 6. b3 d6 7. Bb2 a6 8. d3 Qc7 9. Nc3 Bg4 10. Nd2 e5 11. h3 Be6 12. e3 Nbd7 13. Nf3 h6 14. d4 e4 15. Nd2 d5 16. cxd5 Bxd5 17. Ndxe4 Nh5 18. Nxd5 cxd5 19. Rc1 Qa5 20. Bc3 Qd8 21. Nd6 Qg5 22. h4 Qe7 23. Nxb7 Rab8 24. Nc5 Nxc5 25. dxc5 Bxc3 26. Rxc3 Qe5 27. Qd4 Qxd4 28. exd4 Nf6 29. Re1 Rb7 30. Re5 Rd7 31. Bh3 Rc7 32. Bg2 Rd7 33. c6 Rd6 34. c7 1-0

[Event "December 5 Late 2023"]
[Site "https://www.chess.com"]
[Date "2023.12.05"]
[Round "1"]
[White "Vargas, Mauricio"]
[Black "Prithu Gupta"]
[Result "0-1"]
[Board "188"]
[TimeControl "180+1"]
[WhiteFideId "4404572"]
[BlackFideId "46618546"]
[WhiteElo "1830"]
[BlackElo "2515"]
[WhiteTeam "COL"]
[BlackTeam "IND"]
[WhiteClock "0:00:00"]
[BlackClock "0:01:51"]

1. e4 e5 2. Nf3 Nc6 3. Bc4 Nf6 4. O-O Bc5 5. d4 Bxd4 6. Nxd4 Nxd4 7. Bg5 d6 8. f4 Be6 9. Bd3 c6 10. a4 Qb6 11. Kh1 h6 12. Bxf6 gxf6 13. f5 Bd7 14. b3 a5 15. Bc4 d5 16. Bd3 O-O-O 17. Nd2 Qc5 18. Rc1 Qc3 19. Nb1 Qb2 20. exd5 cxd5 21. Qe1 b6 22. Ba6+ Kb8 23. Rf3 Nxf3 24. gxf3 Rhg8 25. f4 d4 26. Qe4 Qxc1+ 0-1

[Event "December 5 Late 2023"]
[Site "https://www.chess.com"]
[Date "2023.12.05"]
[Round "2"]
[White "Sturt, Raven"]
[Black "Carlsen, Magnus"]
[Result "0-1"]
[Board "1"]
[TimeControl "180+1"]
[WhiteFideId "2007304"]
[BlackFideId "1503014"]
[WhiteElo "2646"]
[BlackElo "3308"]
[WhiteTeam "USA"]
[BlackTeam "NOR"]
[WhiteClock "0:00:32"]
[BlackClock "0:02:18"]

1. f4 g5 2. fxg5 e5 3. e4 d5 4. d3 h6 5. g6 fxg6 6. exd5 Nf6 7. Nf3 Qxd5 8. Nc3 Bb4 9. Bd2 Bxc3 10. Bxc3 Nc6 11. Qe2 Bg4 12. h3 Bxf3 13. Qxf3 Qxf3 14. gxf3 Nd5 15. Rg1 g5 16. h4 gxh4 17. Rg4 Ne3 18. Kd2 Nxg4 19. fxg4 O-O 20. Ke3 Nd4 21. Rc1 Rf4 22. Bg2 c6 23. Bxd4 Rxg4 24. Bxc6 exd4+ 25. Kf3 Rg3+ 26. Kf2 bxc6 0-1

[Event "December 5 Late 2023"]
[Site "https://www.chess.com"]
[Date "2023.12.05"]
[Round "2"]
[White "Nakamura, Hikaru"]
[Black "Cieslak, Patryk"]
[Result "1-0"]
[Board "2"]
[TimeControl "180+1"]
[WhiteFideId "2016192"]
[BlackFideId "21078882"]
[WhiteElo "3238"]
[BlackElo "2643"]
[WhiteTeam "USA"]
[BlackTeam "POL"]
[WhiteClock "0:00:49"]
[BlackClock "0:00:00"]

1. Nf3 d5 2. g3 Nf6 3. d3 e6 4. Bg2 c5 5. Nbd2 Nc6 6. e4 Be7 7. O-O O-O 8. Re1 b5 9. e5 Nd7 10. Nf1 a5 11. h4 a4 12. h5 h6 13. a3 Qe8 14. Bh3 Nd8 15. N3h2 f5 16. f4 d4 17. Bg2 Bb7 18. Bxb7 Nxb7 19. g4 fxg4 20. Qxg4 Ra6 21. Re2 c4 22. Rg2 Qf7 23. Nf3 cxd3 24. cxd3 Nbc5 25. Nxd4 Nxd3 26. Be3 Bc5 27. Ne2 Be7 28. Rd1 N7xe5 29. fxe5 Nxe5 30. Qh3 Nf3+ 31. Kh1 e5 32. Nfg3 Rc6 33. Rf1 Rc4 34. Ng1 Qd5 35. Rxf3 Rxf3 36. Nxf3 Qxf3 37. Qe6+ Kf8 38. Qf5+ Qxf5 39. Nxf5 Bf6 40. Rf2 Re4 41. Bc5+ Kg8 42. Nxh6+ Kh7 43. Nf5 Bg5 44. Rg2 Bf6 45. Be3 b4 46. Rc2 bxa3 47. bxa3 Rg4 48. Rc7 Kh8 49. Kh2 Bg5 50. Kh3 Bxe3 51. Kxg4 1-0

[Event "December 5 Late 2023"]
[Site "https://www.chess.com"]
[Date "2023.12.05"]
[Round "2"]
[White "Krishnan, Varun"]
[Black "Naroditsky, Daniel"]
[Result "0-1"]
[Board "3"]
[TimeControl "180+1"]
[WhiteFideId "5054508"]
[BlackFideId "2026961"]
[WhiteElo "2641"]
[BlackElo "3171"]
[WhiteTeam "USA"]
[BlackTeam "USA"]
[WhiteClock "0:00:00"]
[BlackClock "0:00:05"]

1. e4 Nf6 2. e5 Nd5 3. d4 d6 4. c4 Nb6 5. exd6 exd6 6. Nc3 Be7 7. Bd3 O-O 8. Nge2 Nc6 9. O-O Bg4 10. Be3 Re8 11. a3 Bh5 12. b4 Bf6 13. Qb3 Bg6 14. Rfd1 Bg5 15. Bxg5 Qxg5 16. c5 Nd7 17. Nb5 dxc5 18. Nxc7 Rxe2 19. Bxe2 Rc8 20. Nb5 cxd4 21. Nxd4 Nce5 22. Qg3 Qf6 23. Rac1 Re8 24. Nf3 h6 25. Nxe5 Nxe5 26. Re1 Rd8 27. Bf1 Nc6 28. Qc7 Rd2 29. Qg3 Kh7 30. Red1 Rb2 31. b5 Nd4 32. Qe3 Ne6 33. Rd2 Rxd2 34. Qxd2 Nf4 35. g3 Ne6 36. Bd3 Ng5 37. Bxg6+ fxg6 38. Qe2 Qf5 39. h4 Nf3+ 40. Kg2 Nd4 41. Qe3 Qd5+ 42. Kh2 Nf3+ 43. Kh3 Ne5 44. Qf4 Nd3 45. Re1 Nxf4+ 0-1

[Event "December 5 Late 2023"]
[Site "https://www.chess.com"]
[Date "2023.12.05"]
[Round "2"]
[White "Firouzja, Alireza"]
[Black "Agibileg, Uurtsaikh"]
[Result "1-0"]
[Board "4"]
[TimeControl "180+1"]
[WhiteFideId "12573981"]
[BlackFideId "4901606"]
[WhiteElo "3152"]
[BlackElo "2639"]
[WhiteTeam "FRA"]
[BlackTeam "MGL"]
[WhiteClock "0:01:06"]
[BlackClock "0:00:01"]

1. d4 Nf6 2. Bg5 d5 3. e3 e6 4. c4 Be7 5. Nc3 O-O 6. cxd5 exd5 7. Bd3 c6 8. h3 Nbd7 9. Nf3 Re8 10. Bf4 Nf8 11. Qc2 Ne6 12. Be5 g6 13. O-O Ng7 14. Qb3 a5 15. Rac1 Bd6 16. Na4 b5 17. Nc5 a4 18. Qc2 Rb8 19. Bxd6 Qxd6 20. Ne5 Bf5 21. Bxf5 Nxf5 22. Ncd3 Rec8 23. Qc5 Qxc5 24. Rxc5 Ne7 25. Rfc1 Ne4 26. R5c2 Nd6 27. Nxc6 Nxc6 28. Rxc6 Rxc6 29. Rxc6 Nc4 30. Rc5 b4 31. Rxd5 b3 32. a3 Nxa3 33. bxa3 b2 34. Nxb2 Rxb2 35. Ra5 1-0

[Event "December 5 Late 2023"]
[Site "https://www.chess.com"]
[Date "2023.12.05"]
[Round "2"]
[White "Ehlvest, Jaan"]
[Black "Aronian, Levon"]
[Result "0-1"]
[Board "5"]
[TimeControl "180+1"]
[WhiteFideId "4500016"]
[BlackFideId "13300474"]
[WhiteElo "2638"]
[BlackElo "3116"]
[WhiteTeam "USA"]
[BlackTeam "USA"]
[WhiteClock "0:00:00"]
[BlackClock "0:00:26"]

1. e4 c5 2. Nf3 e6 3. d4 cxd4 4. Nxd4 Nc6 5. Nc3 Qc7 6. Ncb5 Qb8 7. Bd3 Nf6 8. O-O Be7 9. c4 a6 10. Nxc6 dxc6 11. Nc3 e5 12. Be3 b5 13. h3 O-O 14. Qe2 Rd8 15. Rac1 Be6 16. b3 Nd7 17. Qc2 Nc5 18. Be2 b4 19. Nd5 Bf8 20. f4 Nxe4 21. Nb6 Ng3 22. f5 Bc8 23. c5 Nxf1 24. Rxf1 Ra7 25. Qe4 a5 26. Bc4 Ba6 27. Bxa6 Rxa6 28. Qxc6 Ra7 29. Qe4 Rc7 30. c6 Rd6 31. Rc1 Qe8 0-1

[Event "December 5 Late 2023"]
[Site "https://www.chess.com"]
[Date "2023.12.05"]
[Round "2"]
[White "Andreikin, Dmitry"]
[Black "Ambartsumova, Karina"]
[Result "1/2-1/2"]
[Board "6"]
[TimeControl "180+1"]
[WhiteFideId "4158814"]
[BlackFideId "4166299"]
[WhiteElo "3112"]
[BlackElo "2635"]
[WhiteTeam "FID"]
[BlackTeam "RUS"]
[WhiteClock "0:00:15"]
[BlackClock "0:00:26"]

1. d4 Nf6 2. c4 e6 3. Nf3 d5 4. Bg5 Be7 5. e3 O-O 6. Qc2 h6 7. Bxf6 Bxf6 8. h4 c5 9. g4 Be7 10. g5 h5 11. Nc3 cxd4 12. exd4 Nc6 13. O-O-O g6 14. Kb1 a6 15. Ne5 Nxe5 16. dxe5 Qc7 17. cxd5 Qxe5 18. Bc4 Qc7 19. Bb3 exd5 20. Nxd5 Qxc2+ 21. Bxc2 Bc5 22. Rhe1 Bxf2 23. Re4 Bg3 24. Rd3 Bh2 25. Rd2 Bg3 26. Rd3 Bh2 27. Rf3 Be6 28. Ne7+ Kg7 29. Rf6 Rae8 30. Re2 Bd6 31. Nxg6 fxg6 32. Rxg6+ Kf7 33. Rf6+ Kg7 34. Rg6+ Kf7 35. b3 Ba3 36. Rf6+ Kg7 37. Rg6+ Kf7 38. Rf6+ Kg7 39. Rg6+ Kf7 1/2-1/2

[Event "December 5 Late 2023"]
[Site "https://www.chess.com"]
[Date "2023.12.05"]
[Round "2"]
[White "Rojas Alarcon, Julian Antonio"]
[Black "Nepomniachtchi, Ian"]
[Result "0-1"]
[Board "7"]
[TimeControl "180+1"]
[WhiteFideId "5107407"]
[BlackFideId "4168119"]
[WhiteElo "2634"]
[BlackElo "3103"]
[WhiteTeam "MEX"]
[BlackTeam "RUS"]
[WhiteClock "0:00:03"]
[BlackClock "0:00:28"]

1. c4 e5 2. g3 Nc6 3. Bg2 h5 4. h3 h4 5. g4 Bc5 6. e3 d6 7. Ne2 f5 8. d4 Bb4+ 9. Nbc3 fxg4 10. hxg4 Bxg4 11. Qa4 Bd7 12. dxe5 Nxe5 13. Qc2 Nf6 14. a3 Bxc3+ 15. Nxc3 Bc6 16. Nd5 Qd7 17. f4 Neg4 18. Qg6+ Kf8 19. Nxf6 Nxf6 20. Bxc6 bxc6 21. Bd2 Qe6 22. Rc1 Re8 23. Kd1 Rh6 24. Qd3 Ne4 25. Be1 h3 26. Qe2 Kg8 27. Kc2 Qf5 28. Kb3 Rg6 29. Rh2 Ng3 30. Qf3 Qg4 31. Qxc6 Rxe3+ 32. Ka2 Ne2 33. Rd1 Nxf4 34. Rd4 Rxe1 35. Rf2 Ra1+ 36. Kxa1 Qg1+ 37. Ka2 Qxf2 38. Qe8+ Kh7 39. Qe4 h2 40. Rd1 Qe2 41. Qxf4 Qxd1 42. Qh4+ Kg8 43. Qd8+ Kf7 44. Qxc7+ Kf6 45. Qd8+ Kf5 46. Qd7+ Kf4 47. Qf7+ Rf6 48. Qxg7 h1=Q 49. Qxf6+ Ke3 50. Qg5+ Kf2 51. Qf6+ Qhf3 0-1

[Event "December 5 Late 2023"]
[Site "https://www.chess.com"]
[Date "2023.12.05"]
[Round "2"]
[White "Erigaisi Arjun"]
[Black "Miranda, Rafael"]
[Result "1-0"]
[Board "8"]
[TimeControl "180+1"]
[WhiteFideId "35009192"]
[BlackFideId "130990"]
[WhiteElo "3101"]
[BlackElo "2630"]
[WhiteTeam "IND"]
[BlackTeam "ARG"]
[WhiteClock "0:02:17"]
[BlackClock "0:00:54"]

1. b3 d5 2. Bb2 Nf6 3. e3 e6 4. f4 Bd6 5. Nf3 c5 6. Bb5+ Nc6 7. O-O O-O 8. Bxc6 bxc6 9. Ne5 Bb7 10. d3 a5 11. a4 Ne8 12. Qg4 Qe7 13. Nd2 f6 14. Nef3 Bc8 15. Qg3 Rb8 16. e4 f5 17. Ne5 Bb7 18. Rae1 Qd8 19. exf5 Rxf5 20. Ng4 Kh8 21. Rxe6 Bc8 22. Re2 Rf7 23. Rfe1 Bd7 24. Nh6 1-0

[Event "December 5 Late 2023"]
[Site "https://www.chess.com"]
[Date "2023.12.05"]
[Round "2"]
[White "Seemann, Jakub"]
[Black "Nihal Sarin"]
[Result "0-1"]
[Board "9"]
[TimeControl "180+1"]
[WhiteFideId "21874697"]
[BlackFideId "25092340"]
[WhiteElo "2629"]
[BlackElo "3089"]
[WhiteTeam "POL"]
[BlackTeam "IND"]
[WhiteClock "0:00:01"]
[BlackClock "0:01:11"]

1. e4 c5 2. Nf3 Nc6 3. Bb5 d5 4. exd5 Qxd5 5. O-O Bg4 6. Nc3 Qf5 7. d4 Bxf3 8. gxf3 cxd4 9. Qxd4 Qxb5 10. Nxb5 Nxd4 11. Nc7+ Kd7 12. Nxa8 Ne2+ 13. Kg2 Nxc1 14. Raxc1 e6 15. Rfd1+ Kc8 16. Rd3 Nf6 17. Rcd1 Nd5 18. Kf1 Be7 19. c4 Nf6 20. Rb3 Kb8 21. Nb6 axb6 22. Rxb6 Kc7 23. Rb3 Ra8 24. a3 Ra5 25. Rc3 Rh5 26. Kg2 Rg5+ 27. Kf1 Bd6 28. h3 Be5 29. Rc2 Rf5 30. Kg2 Nh5 31. b4 Nf4+ 32. Kf1 Rh5 33. Rcd2 Rxh3 34. Rd7+ Kc6 35. b5+ Kc5 36. Kg1 Rxf3 37. Rxf7 Nh3+ 0-1

[Event "December 5 Late 2023"]
[Site "https://www.chess.com"]
[Date "2023.12.05"]
[Round "2"]
[White "Bortnyk, Olexandr"]
[Black "Koksal, Ege"]
[Result "1-0"]
[Board "10"]
[TimeControl "180+1"]
[WhiteFideId "14120828"]
[BlackFideId "6317626"]
[WhiteElo "3084"]
[BlackElo "2624"]
[WhiteTeam "UKR"]
[BlackTeam "TUR"]
[WhiteClock "0:01:20"]
[BlackClock "0:00:00"]

1. e4 e5 2. Nf3 Nf6 3. Nxe5 d6 4. Nf3 Nxe4 5. Nc3 Nxc3 6. dxc3 Be7 7. Be3 Nd7 8. Qd2 Nf6 9. O-O-O Bg4 10. Bd3 Qd7 11. a3 a6 12. h3 Bxf3 13. gxf3 O-O-O 14. c4 g6 15. Kb1 Rhe8 16. Rhe1 Qxh3 17. f4 Kb8 18. Qc3 Ng4 19. Bf5 Ka8 20. Rh1 Qf3 21. Bxg4 Qxg4 22. Qd4 c5 23. Qd5 h5 24. Rdg1 Qf5 25. Qxf5 gxf5 26. Rxh5 Rg8 27. Rxg8 Rxg8 28. Rxf5 Rg7 29. Rh5 Kb8 30. c3 Kc7 31. Kc2 Kd7 32. b4 b6 33. Rh8 Bd8 34. Kd3 Rg1 35. Rh7 Ke8 36. Ke4 Bf6 37. Kd5 Rd1+ 38. Kc6 Bxc3 39. f5 cxb4 40. axb4 a5 41. Bg5 axb4 42. f6 1-0

[Event "December 5 Late 2023"]
[Site "https://www.chess.com"]
[Date "2023.12.05"]
[Round "2"]
[White "Lymar, Vladislav"]
[Black "Caruana, Fabiano"]
[Result "0-1"]
[Board "11"]
[TimeControl "180+1"]
[WhiteFideId "14162180"]
[BlackFideId "2020009"]
[WhiteElo "2619"]
[BlackElo "3081"]
[WhiteTeam "UKR"]
[BlackTeam "USA"]
[WhiteClock "0:00:27"]
[BlackClock "0:01:53"]

1. d4 Nf6 2. c4 e6 3. Bf4 Bb4+ 4. Nd2 b6 5. a3 Bxd2+ 6. Qxd2 Bb7 7. f3 d5 8. Rc1 O-O 9. cxd5 Nxd5 10. Bg3 f5 11. Nh3 c5 12. dxc5 bxc5 13. Rxc5 Nd7 14. Rc1 Qb6 15. Nf4 Rac8 16. Nxd5 Bxd5 17. e3 Nc5 18. Rc3 Rfd8 19. Qc2 Bb3 20. Qe2 Rd1+ 21. Kf2 Rcd8 22. Kg1 R8d2 0-1

[Event "December 5 Late 2023"]
[Site "https://www.chess.com"]
[Date "2023.12.05"]
[Round "2"]
[White "Pranav, V"]
[Black "Golubev, Mikhail"]
[Result "0-1"]
[Board "12"]
[TimeControl "180+1"]
[WhiteFideId "25060783"]
[BlackFideId "14100983"]
[WhiteElo "3066"]
[BlackElo "2619"]
[WhiteTeam "IND"]
[BlackTeam "UKR"]
[WhiteClock "0:00:10"]
[BlackClock "0:00:07"]

1. e4 c5 2. Nf3 d6 3. d4 Nf6 4. Nc3 cxd4 5. Nxd4 g6 6. Be3 Bg7 7. f3 Nc6 8. Qd2 O-O 9. O-O-O d5 10. exd5 Nxd5 11. Nxc6 bxc6 12. Bd4 e5 13. Bc5 Be6 14. Ne4 Rb8 15. h4 f5 16. Ng5 e4 17. c3 Qa5 18. b4 Nxb4 19. Bxb4 Rxb4 20. cxb4 Qa3+ 21. Kb1 e3 22. Nxe6 exd2 23. Rxd2 Qxb4+ 24. Kc1 Qc3+ 25. Kd1 Re8 26. Nxg7 Kxg7 27. h5 Qa1+ 28. Kc2 Re1 29. hxg6 hxg6 30. Rd7+ Kf6 31. Rd6+ Ke7 32. Rxg6 Qxa2+ 33. Kd3 Qb1+ 34. Kd4 Rxf1 35. Rh7+ Kf8 36. Rf6+ Kg8 37. Rff7 Qb2+ 38. Ke3 Qb3+ 39. Kf4 Qc4+ 40. Kg5 Qxf7 41. Rh6 Qg7+ 42. Rg6 Qxg6+ 43. Kxg6 Rg1 44. g4 Rg2 45. f4 Rxg4+ 46. Kxf5 Rxf4+ 47. Kxf4 Kf7 48. Ke5 Ke7 49. Kd4 Kd7 50. Kc5 Kc7 51. Kb4 Kb7 52. Ka5 Kc7 53. Ka6 Kb8 54. Ka5 Kb7 55. Kb4 Kb6 56. Kc4 a5 0-1

[Event "December 5 Late 2023"]
[Site "https://www.chess.com"]
[Date "2023.12.05"]
[Round "2"]
[White "Tanriverdi, Enes"]
[Black "Oparin, Grigoriy"]
[Result "0-1"]
[Board "13"]
[TimeControl "180+1"]
[WhiteFideId "34543279"]
[BlackFideId "24125890"]
[WhiteElo "2619"]
[BlackElo "3055"]
[WhiteTeam "TUR"]
[BlackTeam "USA"]
[WhiteClock "0:00:03"]
[BlackClock "0:00:21"]

1. Nf3 c5 2. e4 Nc6 3. Bb5 e6 4. Bxc6 bxc6 5. d3 Ne7 6. O-O d6 7. Re1 Ng6 8. Nbd2 e5 9. c3 Be7 10. d4 cxd4 11. cxd4 f6 12. Nf1 O-O 13. Ne3 Rb8 14. b3 Kh8 15. Bb2 Nf4 16. Rc1 Bd7 17. Nh4 Be8 18. Nhf5 Rf7 19. Ba3 Bf8 20. Nc4 d5 21. Ncd6 Rd7 22. dxe5 fxe5 23. exd5 Bxd6 24. Bxd6 Rxd6 25. Nxd6 Qxd6 26. dxc6 Qxd1 27. Rexd1 Rc8 28. c7 Ne6 29. Rd5 Kg8 30. Ra5 Nd4 31. Rxe5 Kf7 32. Kf1 Bb5+ 33. Ke1 a6 34. a4 Be8 35. Rc3 Ne6 36. Rf3+ Ke7 37. Rfe3 Bd7 38. Rc3 Kd6 39. Ree3 Rxc7 40. Red3+ Ke7 41. Rxc7 Nxc7 42. Kd2 Ne6 43. Rd5 Bc6 44. Ra5 Bb7 45. f3 Kd6 46. Kc3 g6 47. h4 Nf4 48. Rg5 Ne6 49. Rg4 Nc7 50. b4 Nd5+ 51. Kd3 Nb6 52. a5 Nd5 53. Kc4 Bc6 54. h5 gxh5 55. Rh4 Nf6 56. Kd4 Bb5 57. g4 Be8 58. g5 Nd7 59. Re4 Bg6 60. Re1 Nb8 61. f4 Nc6+ 62. Kc4 Bf7+ 63. Kc3 Be6 64. Rh1 Bg4 65. Rd1+ Kc7 66. Re1 h4 67. Rh1 h3 68. Rh2 Bf5 69. Kd2 Kd6 70. Ke3 Nxb4 71. Kd4 Nc6+ 72. Kc4 Nxa5+ 73. Kd4 Nc6+ 74. Ke3 a5 75. Kf3 a4 76. Kg3 Kc5 77. Rd2 a3 78. Ra2 Kb4 79. Ra1 Nd4 80. Rd1 Nb3 81. Rd8 a2 82. Rb8+ Ka4 83. Ra8+ Na5 0-1

[Event "December 5 Late 2023"]
[Site "https://www.chess.com"]
[Date "2023.12.05"]
[Round "2"]
[White "Maltsevskaya, Aleksandra"]
[Black "Bortnyk, Mykola"]
[Result "0-1"]
[Board "14"]
[TimeControl "180+1"]
[WhiteFideId "24174041"]
[BlackFideId "14120836"]
[WhiteElo "2617"]
[BlackElo "3032"]
[WhiteTeam "POL"]
[BlackTeam "UKR"]
[WhiteClock "0:00:00"]
[BlackClock "0:00:27"]

1. e4 Nf6 2. e5 Nd5 3. c4 Nb6 4. d4 d6 5. f4 dxe5 6. fxe5 Nc6 7. Be3 Bf5 8. Nc3 e6 9. Rc1 Qd7 10. Nf3 O-O-O 11. Qb3 f6 12. c5 Nd5 13. Nxd5 exd5 14. Bb5 a6 15. Ba4 Be4 16. O-O Be7 17. Qd1 Qe6 18. b4 Bxf3 19. Qxf3 fxe5 20. Bxc6 bxc6 21. Rfe1 e4 22. Qe2 Kb7 23. a4 Ra8 24. b5 axb5 25. axb5 h5 26. Rb1 Kc8 27. b6 Kd7 28. bxc7 Rac8 29. Rb6 Rxc7 30. Bf4 Ra7 31. Reb1 Qg4 32. Rb7+ Rxb7 33. Rxb7+ Ke6 34. Qxg4+ hxg4 35. Rc7 Ra8 36. Rxc6+ Kf5 37. g3 Ra1+ 38. Kg2 Ra2+ 39. Kg1 Re2 40. Rc7 Bf6 41. Rd7 Bxd4+ 42. Kf1 Rf2+ 43. Ke1 e3 44. c6 Ke4 45. c7 Bc3+ 46. Kd1 e2+ 0-1

[Event "December 5 Late 2023"]
[Site "https://www.chess.com"]
[Date "2023.12.05"]
[Round "2"]
[White "Bluebaum, Matthias"]
[Black "Mendes Aaron Reeve"]
[Result "1-0"]
[Board "15"]
[TimeControl "180+1"]
[WhiteFideId "24651516"]
[BlackFideId "25954938"]
[WhiteElo "3027"]
[BlackElo "2617"]
[WhiteTeam "GER"]
[BlackTeam "CAN"]
[WhiteClock "0:02:07"]
[BlackClock "0:01:43"]

1. d4 Nf6 2. c4 d6 3. Nf3 Nbd7 4. Nc3 g6 5. e4 Bg7 6. Be2 O-O 7. O-O e5 8. Be3 Re8 9. Qc2 b6 10. Rad1 Bb7 11. dxe5 Nxe5 12. Nxe5 Rxe5 13. f3 Qe8 14. Bd4 Re7 15. b3 Rd8 16. Qb2 Nh5 17. Bxg7 Nxg7 18. Bd3 a6 19. f4 Ne6 20. b4 c5 21. bxc5 Nxc5 22. Qxb6 Bxe4 23. Bxe4 Nxe4 24. Nd5 Red7 25. Rfe1 f5 26. Rxe4 fxe4 27. Nf6+ Kg7 28. Nxe8+ Rxe8 29. Rxd6 Rxd6 30. Qxd6 e3 31. Kf1 e2+ 32. Ke1 Re4 33. Qd5 Re7 34. c5 a5 35. c6 Kf8 36. c7 1-0